 Dungeon Crawl Stone Soup version 0.19.1 (webtiles) character file.

263 galech the Chopper (level 5, -1/49 HPs)
             Began as a Deep Dwarf Fighter on Dec 8, 2016.
             Slain by an orc warrior
             ... wielding a +2 battleaxe of holy wrath
              (26 damage)
             ... on level 3 of the Dungeon.
             The game lasted 00:08:52 (1265 turns).

galech the Chopper (Deep Dwarf Fighter)             Turns: 1265, Time: 00:08:53

Health: -1/49      AC:  9    Str: 21    XL:     5   Next: 98%
Magic:  5/5        EV:  8    Int:  8    God:
Gold:   89         SH:  9    Dex: 12    Spells: 0 memorised, 4 levels left

rFire  . . .     SeeInvis .     m - +0 war axe
rCold  . . .     Gourm    +     b - +0 scale mail
rNeg   . . .     Faith    .     c - +0 shield
rPois  .         Spirit   .     s - +0 helmet of Sahoudoub {*Contam Slay+4 Stlth+}
rElec  .         Reflect  .     (no cloak)
rCorr  .         Harm     .     (no gloves)
MR     .....                    p - +0 pair of boots
Stlth  +.........               k - amulet of the gourmand
                                (no ring)
                                (no ring)

@: non-regenerating
A: damage resistance, recharge devices, sense surroundings 1, slow regeneration
3
a: Device Recharging


You were on level 3 of the Dungeon.
You were very full.

You visited 1 branch of the dungeon, and saw 3 of its levels.

You collected 89 gold pieces.

Inventory:

Hand Weapons
 a - a +0 war axe
 m - a +0 war axe (weapon)
Armour
 b - a +0 scale mail (worn)
 c - a +0 shield (worn)
 p - a +0 pair of boots (worn)
 s - the +0 helmet of Sahoudoub (worn) {*Contam Slay+4 Stlth+}
   (You took it off Robin on level 2 of the Dungeon)

   It affects your accuracy and damage with ranged weapons and melee attacks
   (+4).
   It causes magical contamination when unequipped.
   It makes you more stealthy.
Jewellery
 k - an amulet of the gourmand (around neck)
Wands
 e - a wand of heal wounds (1/9)
Scrolls
 g - 3 scrolls of remove curse {unknown}
 i - a scroll of fear {unknown}
 j - 3 scrolls of magic mapping {unknown}
 o - a scroll of teleportation {unknown}
Potions
 d - 2 potions of might
 h - a potion of ambrosia {unknown}
 n - 2 potions of heal wounds {unknown}
 q - a potion of cancellation {unknown}
 t - a potion of cure mutation {unknown}
Comestibles
 f - 3 bread rations
 l - 3 fruits
 r - 2 meat rations


   Skills:
 + Level 3.6 Fighting
 + Level 4.6 Axes
 + Level 4.2 Armour
 + Level 1.3 Dodging
 + Level 4.1 Shields
 + Level 0.3 Evocations


You had 4 spell levels left.
You didn't know any spells.

Dungeon Overview and Level Annotations

Branches:
Dungeon (3/15)

Altars:


Innate Abilities, Weirdness & Mutations

You are resistant to damage.
You can recharge devices by infusing magical energy.
You passively map a small area around you.
You do not regenerate.


Message History

The orc warrior is wielding a battleaxe of holy wrath.
Things that are here:
a club; an orc corpse The orc warrior shouts!
You see here a bat corpse.
A rat comes into view.
An orc comes into view. It is wielding a short sword.
The orc shouts!
The orc moves out of view.
You barely miss the orc warrior. You block the orc warrior's attack.
You block the rat's attack.
You closely miss the orc warrior.
The orc warrior hits you with a battleaxe of holy wrath!
Your shield and scale mail prevent you from hitting the orc warrior.
You block the orc warrior's attack.
The orc warrior hits you with a battleaxe of holy wrath!
You closely miss the orc warrior.
The orc warrior hits you with a battleaxe of holy wrath!!
Ouch! That really hurt!
You die...

....[............ ,,, .......
......... , ,, o....##.#..#...# ,
...)....#....# * , *
..##.####....# .......
....o........# ** .......
......#.#o...# ....... , .
........#.o..#######.....#######.
#.......#....#.o@................
#.......#....#o#####.#........(..
#..........#.#.##....#...........
...........o.o....## #...........
#..###.............# #...........
+.. ...............# #..#<#†....#
*.#..............#......+.....#
,#..............#.######.....#
#.#.###........#......#.....#


You could see an orc warrior and an orc priest.

Vanquished Creatures
  The ghost of Galewind the Conjurer, an amateur DECj (D:3)
  Robin (D:2)
  A gnoll (D:1)
  An adder (D:2)
  2 worms (D:2)
  A dart slug (D:2)
  A leopard gecko (D:1)
  2 orcs (D:3)
  A ball python (D:3)
  4 bats
  20 goblins
  8 hobgoblins
  7 jackals
  3 kobolds (D:2)
  2 quokkas (D:2)
  3 frilled lizards
  5 rats
63 creatures vanquished.

Notes
Turn   | Place    | Note
-------+----------+-------------------------------------------
     0 | D:1      | galech the Deep Dwarf Fighter began the quest for the Orb.
     0 | D:1      | Reached XP level 1. HP: 20/20 MP: 1/1
    98 | D:1      | Reached XP level 2. HP: 16/28 MP: 2/2
   265 | D:1      | Reached XP level 3. HP: 14/34 MP: 3/3
   895 | D:2      | Reached XP level 4. HP: 36/42 MP: 4/4
   998 | D:2      | Noticed Robin
  1012 | D:2      | Killed Robin
  1023 | D:2      | Got a shimmering helmet
  1029 | D:2      | Identified the +0 helmet of Sahoudoub {*Contam Slay+4 Stlth+} (You took it off Robin on level 2 of the Dungeon)
  1146 | D:3      | Noticed Galewind's ghost (amateur DECj)
  1160 | D:3      | Killed Galewind's ghost
  1160 | D:3      | Reached skill level 1 in Dodging
  1160 | D:3      | Reached XP level 5. HP: 44/49 MP: 5/5
  1239 | D:3      | Noticed an orc warrior
  1265 | D:3      | Slain by an orc warrior

Skill      XL: |  1  2  3  4 |
---------------+-------------+-----
Fighting       | 3 |  3.6
Axes           | 3 4 |  4.6
Armour         | 4 |  4.2
Dodging        | 1 |  1.3
Shields        | 4 |  4.1
Evocations     | |  0.3

Action                   |  1- 3 |  4- 6 || total
-------------------------+-------+-------++-------
Melee: War axe           |    97 |    47 ||   144
Evoke: Wand              |     1 |     3 ||     4
  Eat: Chunk             |    13 |     6 ||    19
Armor: Scale mail        |    49 |    21 ||    70
Dodge: Dodged            |    29 |     9 ||    38
Block: Shield            |    53 |    32 ||    85
